 Dungeon Crawl Stone Soup version 0.31.0-10-gcf4a605ca0 (webtiles) character file.

Game seed: 2474684472601168091

51914 Amaterasu the Grappler (level 14, -5/154 HPs)
             Began as a Troll Shapeshifter on Jan 25, 2024.
             Was a High Priest of Qazlal.
             Slain by a goliath frog (12 damage)
             ... on level 5 of the Lair of Beasts.
             The game lasted 00:30:16 (15783 turns).

Amaterasu the Grappler (Troll Shapeshifter)        Turns: 15783, Time: 00:30:17

Health: -5/154     AC:  7    Str: 35    XL:     14   Next: 25%
Magic:  28/28      EV: 14    Int:  9    God:    Qazlal [*****.]
Gold:   802        SH: 11    Dex:  7    Spells: 16/16 levels left

rFire   + +          .
                       - Unarmed
rCold   . . .        (shield currently unavailable)
rNeg    . . .        u - melded +2 robe {rN+}
rPois   +            (helmet restricted)
rElec   .            a - +1 cloak
rCorr   .            (gloves unavailable)
SInv    .            (boots unavailable)
Will    +....        s - amulet of Nyigeim {Reflect Fly rF++ Int+3 Slay-2 SH+5}
Stlth   +            z - ring "Xyokeot" {rPois Str+6 Dex-2}
HPRegen 1.25/turn    w - ring of magical power
MPRegen 0.21/turn

%: repel missiles, reflection
@: about to teleport, flux-form, protected from physical damage, flying, glowing
A: glow, contaminating, large, unfitting armour, claws 3, regeneration 1, shaggy
fur 1, tough skin 1, robust 1, inability to drink after injury 1
a: Begin Untransformation, Renounce Religion, Upheaval, Elemental Force,
Disaster Area


You were on level 5 of the Lair of Beasts.
You worshipped Qazlal.
Qazlal was extremely pleased with you.
You were something dangerously unstable.
You visited 2 branches of the dungeon, and saw 18 of its levels.

You collected 802 gold pieces.

Inventory:

Missiles
 D - a throwing net (quivered)
 H - 5 silver javelins
Armour
 a - a +1 cloak (worn)
 u - a +2 robe of positive energy (melded)
Jewellery
 e - a ring of protection from fire
 i - a ring of ice
 s - the amulet of Nyigeim (around neck) {Reflect Fly rF++ Int+3 Slay-2 SH+5}
   (You found it on level 9 of the Dungeon)

   [amulet of reflection]

   Reflect:   It reflects blocked missile attacks.
   Int+3:     It affects your intelligence (+3).
   Slay-2:    It affects your accuracy & damage with ranged weapons and melee
   (-2).
   rF++:      It greatly protects you from fire.
   Fly:       It grants you flight.
   SH+5:      It affects your SH (+5).
 w - a ring of magical power (right claw)
 z - the ring "Xyokeot" (left claw) {rPois Str+6 Dex-2}
   (You took it off a human on level 13 of the Dungeon)

   [ring of poison resistance]

   Str+6:     It affects your strength (+6).
   Dex-2:     It affects your dexterity (-2).
   rPois:     It protects you from poison
 G - a ring of protection from fire
 J - a ring of magical power
 K - a ring of magical power
 L - a ring of see invisible
 M - a +6 ring of strength
Talismans
 c - a beast talisman
 d - a flux talisman (active)
 o - a blade talisman
Wands
 b - a wand of paralysis (17)
 p - a wand of polymorph (16)
 r - a wand of flame (17)
 v - a wand of light (12)
Scrolls
 k - a scroll of revelation
 n - a scroll of poison
 q - 5 scrolls of immolation
 y - 2 scrolls of amnesia
 A - a scroll of silence
 C - a scroll of enchant weapon
 F - 2 scrolls of identify
Potions
 f - 3 potions of heal wounds
 g - 2 potions of invisibility
 j - 6 potions of curing
 l - 2 potions of attraction
 m - 5 potions of enlightenment
 B - 3 potions of resistance
 E - 2 potions of mutation
 I - 2 potions of brilliance
Miscellaneous
 t - a phantom mirror
 x - a lightning rod (4/4)


   Skills:
 + Level 9.6 Fighting
 * Level 4.6 Throwing
 - Level 6.1 Armour
 - Level 5.0 Dodging
 - Level 14.1 Unarmed Combat
 - Level 1.5 Spellcasting
 * Level 8.9 Invocations
 * Level 10.4 Shapeshifting


You had 16 spell levels left.
You didn't know any spells.
Your spell library contained the following spells:

 Spells                   Type           Power      Damage    Failure   Level
 Apportation              Tloc           0%         N/A       34%         1
 Freeze                   Ice            0%         1d3       34%         1
 Kiss of Death            Conj/Necr      0%         2d5       34%         1
 Necrotise                Necr           0%         1d4       34%         1
 Sting                    Conj/Alch      0%         1d3       34%         1
 Summon Small Mammal      Summ           0%         N/A       34%         1
 Cigotuvi's Dreadful Rot  Necr/Alch/Air  0%         N/A       47%         2
 Ensorcelled Hibernation  Hex/Ice        0%         N/A       47%         2
 Sublimation of Blood     Necr           0%         N/A       47%         2
 Frozen Ramparts          Ice            0%         1d1       71%         3
 Fugue of the Fallen      Necr           0%         N/A       71%         3
 Hailstorm                Conj/Ice       0%         3d5       71%         3
 Ozocubu's Armour         Ice            0%         N/A       71%         3
 Vampiric Draining        Necr           0%         2d6       71%         3
 Anguish                  Hex/Necr       0%         N/A       98%         4
 Cause Fear               Hex            0%         N/A       98%         4
 Dispel Undead            Necr           0%         3d6       98%         4
 Ignite Poison            Fire/Alch      0%         N/A       98%         4
 Leda's Liquefaction      Alch/Erth      0%         N/A       98%         4
 Manifold Assault         Tloc           0%         N/A       98%         4
 Petrify                  Alch/Erth      0%         N/A       98%         4
 Fireball                 Conj/Fire      0%         3d3       100%        5
 Freezing Cloud           Conj/Ice/Air   0%         6-21      100%        5
 Irradiate                Conj/Alch      0%         3d11      100%        5
 Metabolic Englaciation   Hex/Ice        0%         N/A       100%        5
 Haunt                    Necr/Summ      0%         N/A       100%        7
 Borgnjor's Revivificati  Necr           0%         N/A       100%        8
 Death's Door             Necr           0%         N/A       100%        9
 Dragon's Call            Summ           0%         N/A       100%        9


Dungeon Overview and Level Annotations

Branches:
Dungeon (13/15)            Temple (0/1) D:6            Lair (5/5) D:9
  Swamp (0/4) Lair:2       Spider (0/4) Lair:2        Slime (0/5) Lair:4
    Orc: D:9-12      Vaults: D:13-14

Altars:
Cheibriados
Elyvilon
Hepliaklqana
Kikubaaqudgha
Makhleb
Qazlal
Ru
Sif Muna
Vehumet
Yredelemnul
Zin

Shops:
D:4 (   D:7 *

Annotations:
D:5 2 transporters, Skimidon's ghost, weakling FoDe
D:7 exclusion: oklob plant
D:12 Jorgrun


Innate Abilities, Weirdness & Mutations

You are something dangerously unstable.
You glow with magical radiation, making you easy to see and hit.
Foes you strike become dangerously contaminated with magical radiation.
You are incapable of wielding weapons or throwing items.
You are too large for most types of armour.
You have claws for hands.
Your natural rate of healing is unusually fast.
You are covered in fur. (AC +1)
You have tough skin. (AC +1)
You are robust. (+10% HP)
You occasionally lose the ability to drink potions when taking damage.


Message History

The blink frog is engulfed in blazing flames.
You block the cane toad's attack.
You closely miss the skyshark.
The blink frog is engulfed in blazing flames.
The skyshark closely misses you. The skyshark tail-slaps you.
The skyshark closely misses you.
The blink frog blinks!
You mangle the skyshark!!
The skyshark begins to glow.
The skyshark is moderately wounded.
You hear a roar!
The blink frog is engulfed in blazing flames.
You kill the blink frog!
Qazlal accepts your kill. You block the blink frog's attack.
The cane toad barely misses you.
The skyshark closely misses you. x2; The skyshark tail-slaps you.
The blink frog hits you!
You claw the skyshark!
The skyshark glows dangerously bright.
The skyshark is heavily wounded.
The cane toad stings you!!
* * * LOW HITPOINT WARNING * * *
You block the blink frog's attack.
Okay, then.
As you read the scroll of teleportation, it crumbles to dust.
You feel strangely unstable. You block the cane toad's attack.
The skyshark bites you.
* * * LOW HITPOINT WARNING * * *
The skyshark enters a blood-rage!
The skyshark tail-slaps you.
* * * LOW HITPOINT WARNING * * *
The skyshark tail-slaps you.
* * * LOW HITPOINT WARNING * * *
You feel more protected from physical attacks.
The blink frog barely misses you.
You barely miss the skyshark.
The skyshark is heavily wounded.
You hear an angry growl.
You block the cane toad's attack. The skyshark barely misses you.
The skyshark misses you. The skyshark barely misses you.
The blink frog hits you!
* * * LOW HITPOINT WARNING * * *
The blink frog blinks!
The goliath frog hits you from afar!
You die...

...................
......................
.....w................
....................F
.........§...F##...#
.......Fw<†YP##....#
........yF...##§...##
............###F§...#
..........YF##pFY..#
.............##FF..##
.........F!FFF.F....#
...........#F.....##
..........#####..#
......... .....
......... ......
......... .....
....... .....


You could see a skyshark (berserk, heavy contam), a goliath frog, a yak, 2 cane
toads and 2 blink frogs.

Vanquished Creatures
  Azrael (D:13)
  2 vault guards (D:13)
  Erica (D:8)
  3 hydras
  A catoblepas (Lair:4)
  A two-headed ogre (D:11)
  A boulder beetle (D:13)
  6 hell knights (D:11)
  Urug (D:10)
  3 skysharks
  A flayed ghost (D:8)
  A bog body (Lair:2)
  A lindwurm (Lair:3)
  Pikel (D:6)
  3 necromancers
  A manticore (D:11)
  14 elephants
  Joseph (D:8)
  11 cane toads
  6 black mambas
  2 gargoyles
  A torpor snail (Lair:4)
  An unseen horror (D:10)
  3 komodo dragons
  4 rime drakes
  Jeremiah (D:8)
  A yaktaur (D:13)
  3 polar bears
  2 trolls
  A hornet (Lair:3)
  A dream sheep (Lair:4)
  9 blink frogs
  2 culicivoras
  A jumping spider (Lair:2)
  The ghost of Raspi the Trooper, an amateur OnGl (D:4)
  5 wraiths
  A vampire (D:11)
  4 slime creatures (D:13)
  3 wyverns
  23 yaks
  18 humans (D:13)
  A shadow (D:8)
  3 basilisks
  6 fire elementals (D:13)
  Grum (D:8)
  14 fire bats (D:8)
  A steam dragon (D:6)
  A redback (Lair:2)
  8 vampire mosquitoes
  An acid dragon (D:8)
  9 water moccasins
  7 hell hounds (D:11)
  Duvessa (D:6)
  2 orc warriors
  3 black bears
  6 ice beasts
  2 sky beasts (D:7)
  An ogre (D:6)
  2 centaurs
  5 wolves
  A lemure (D:6)
  3 kobold brigands
  Blork the orc (D:6)
  14 bullfrogs
  5 necrophages (Lair:3)
  A gnoll sergeant (D:8)
  3 scorpions
  3 wights (D:9)
  Dowan (D:6)
  4 killer bees (D:10)
  7 howler monkeys
  3 hounds
  5 orc priests
  10 jellies
  14 orc wizards
  A sleepcap (D:7)
  8 iguanas
  11 gnolls
  6 adders
  A dart slug (D:1)
  A ribbon worm (D:2)
  39 orcs
  4 ball pythons
  7 endoplasms
  4 giant cockroaches
  3 goblins (D:2)
  5 hobgoblins
  A quokka (D:2)
  56 bats
  2 frilled lizards
  13 kobolds
  3 rats (D:2)
461 creatures vanquished.

Vanquished Creatures (others)
  A human (D:6)
  An orc wizard (D:4)
2 creatures vanquished.

Grand Total: 463 creatures vanquished

Notes
Turn   | Place    | Note
-------+----------+-------------------------------------------
     0 | D:1      | Amaterasu the Troll Shapeshifter began the quest for the
                  | Orb.
     0 | D:1      | Reached XP level 1. HP: 18/18 MP: 0/0
  1013 | D:2      | Reached XP level 2. HP: 26/26 MP: 1/1
  1312 | D:2      | Reached skill level 1 in Fighting
  1704 | D:2      | Reached XP level 3. HP: 33/33 MP: 2/2
  2108 | D:2      | Found a faded altar of an unknown god.
  2277 | D:3      | Found a sacrificial altar of Ru.
  2277 | D:3      | Found a stormy altar of Qazlal.
  2285 | D:3      | Became a worshipper of Qazlal Stormbringer
  2668 | D:3      | Reached XP level 4. HP: 41/41 MP: 3/3
  2715 | D:3      | Reached skill level 4 in Unarmed Combat
  2730 | D:3      | Reached XP level 5. HP: 20/48 MP: 4/4
  3073 | D:4      | Found Mafoofufuh's Weapon Emporium.
  3117 | D:4      | Reached skill level 1 in Armour
  3154 | D:4      | Reached skill level 1 in Invocations
  3156 | D:4      | Reached skill level 5 in Unarmed Combat
  3166 | D:4      | Reached XP level 6. HP: 26/55 MP: 5/5
  3249 | D:4      | Got the Vellum of Exhumation
  3258 | D:4      | Identified the +0 ring mail of Action {Int+2}
  3318 | D:4      | Found a runed translucent gate.
  3318 | D:4      | Found a runed translucent gate.
  3322 | D:4      | Found a runed translucent gate.
  3416 | D:4      | Reached * piety under Qazlal
  3555 | D:4      | Noticed Raspi's ghost (amateur OnGl)
  3565 | D:4      | Killed Raspi's ghost
  3566 | D:4      | Reached skill level 6 in Unarmed Combat
  3566 | D:4      | Reached XP level 7. HP: 46/65 MP: 7/7
  3702 | D:5      | Entered Level 5 of the Dungeon
  3708 | D:5      | Found a transporter.
  3709 | D:5      | Noticed Skimidon's ghost (weakling FoDe)
  3741 | D:5      | Found a transporter.
  3996 | D:5      | Found a white marble altar of Elyvilon.
  4075 | D:5      | Reached skill level 7 in Unarmed Combat
  4097 | D:5      | Reached XP level 8. HP: 67/74 MP: 8/8
  4410 | D:6      | Reached skill level 5 in Shapeshifting
  4488 | D:6      | Noticed Pikel
  4494 | D:6      | Killed Pikel
  4495 | D:6      | Reached skill level 8 in Unarmed Combat
  4563 | D:6      | Noticed Dowan
  4564 | D:6      | Noticed Duvessa
  4573 | D:6      | Killed Duvessa
  4589 | D:6      | Killed Dowan
  4659 | D:6      | Found a staircase to the Ecumenical Temple.
  4735 | D:6      | Reached XP level 9. HP: 78/83 MP: 10/10
  4776 | D:6      | Noticed Blork the orc
  4800 | D:6      | Found a glowing silver altar of Zin.
  4802 | D:6      | Killed Blork the orc
  4814 | D:6      | Found a shimmering blue altar of Sif Muna.
  4902 | D:6      | Reached ** piety under Qazlal
  4935 | D:6      | Found an ancient bone altar of Kikubaaqudgha.
  5269 | D:6      | Found a basalt altar of Yredelemnul.
  5360 | D:7      | Reached skill level 9 in Unarmed Combat
  5993 | D:7      | Noticed an oklob plant
  6168 | D:7      | Found Leocuxke's General Store.
  6333 | D:8      | Noticed Jeremiah
  6350 | D:8      | Killed Jeremiah
  6485 | D:8      | Reached *** piety under Qazlal
  6486 | D:8      | Reached skill level 10 in Unarmed Combat
  6525 | D:8      | Noticed Grum
  6530 | D:8      | Killed Grum
  6531 | D:8      | Reached XP level 10. HP: 80/94 MP: 12/12
  6626 | D:8      | Found a snail-covered altar of Cheibriados.
  6661 | D:8      | Found a runed translucent door.
  6666 | D:8      | Found a glowing silver altar of Zin.
  6700 | D:8      | Found a radiant altar of Vehumet.
  6733 | D:8      | Found a burning altar of Makhleb.
  6806 | D:8      | Reached skill level 1 in Spellcasting
  6807 | D:8      | Found an ancient bone altar of Kikubaaqudgha.
  6813 | D:8      | Reached **** piety under Qazlal
  6881 | D:8      | Found a hazy altar of Hepliaklqana.
  7046 | D:8      | Reached skill level 11 in Unarmed Combat
  7145 | D:8      | Reached skill level 5 in Invocations
  7211 | D:8      | Noticed Joseph
  7221 | D:8      | Killed Joseph
  7232 | D:8      | Noticed Erica
  7238 | D:8      | Killed Erica
  7239 | D:8      | Reached skill level 5 in Fighting
  7519 | D:8      | Reached XP level 11. HP: 102/102 MP: 13/13
  7544 | D:8      | Noticed a flayed ghost
  7552 | D:8      | Killed a flayed ghost
  7570 | D:8      | Gained mutation: You occasionally lose the ability to drink
                  | potions when taking damage. [potion of mutation]
  7570 | D:8      | Gained mutation: You are robust. (+10% HP) [potion of
                  | mutation]
  7586 | D:8      | Reached skill level 5 in Armour
  7693 | D:9      | Found a staircase to the Lair.
  7767 | D:9      | Identified the amulet of Nyigeim {Reflect Fly rF++ Int+3
                  | Slay-2 SH+5}
  8307 | D:10     | Entered Level 10 of the Dungeon
  8402 | D:10     | Reached ***** piety under Qazlal
  8596 | D:10     | Noticed Urug
  8615 | D:10     | Killed Urug
  8616 | D:10     | Reached skill level 12 in Unarmed Combat
  9685 | D:11     | You are sucked into a shaft and drop 2 floors!
  9752 | D:13     | Noticed Azrael
  9779 | D:13     | Killed Azrael
  9812 | D:13     | Noticed a boulder beetle
  9829 | D:13     | Killed a boulder beetle
  9830 | D:13     | Reached XP level 12. HP: 62/124 MP: 15/15
 10019 | D:13     | Noticed a vault guard
 10030 | D:13     | Killed a vault guard
 10031 | D:13     | Reached skill level 13 in Unarmed Combat
 10061 | D:13     | Noticed a vault guard
 10193 | D:13     | Killed a vault guard
 10194 | D:13     | Reached skill level 5 in Dodging
 10231 | D:13     | Identified the ring "Xyokeot" {rPois Str+6 Dex-2}
 10282 | D:12     | Noticed Jorgrun
 10293 | D:12     | Noticed a two-headed ogre
 10384 | D:11     | Noticed a two-headed ogre
 10394 | D:11     | Killed a two-headed ogre
 10988 | D:11     | Reached skill level 14 in Unarmed Combat
 11089 | D:11     | Reached XP level 13. HP: 81/135 MP: 17/17
 11369 | Lair:1   | Entered Level 1 of the Lair of Beasts
 12824 | Lair:2   | Reached skill level 1 in Throwing
 12922 | Lair:2   | Found a staircase to the Swamp.
 13384 | Lair:2   | Found a hole to the Spider Nest.
 13942 | Lair:3   | Reached skill level 10 in Shapeshifting
 14359 | Lair:3   | Reached XP level 14. HP: 139/154 MP: 19/19
 15192 | Lair:4   | Found a staircase to the Slime Pits.
 15735 | Lair:5   | Entered Level 5 of the Lair of Beasts
 15783 | Lair:5   | HP: 7/154 [blink frog (13)]
 15783 | Lair:5   | Slain by a goliath frog

Illustrated notes

Levels and vault maps discovered:
D:1:      giann_horns, layout_basic, grunt_decor_arrowhead,
          minmay_misc_feat_enclosed
D:2:      minmay_wonky_spiral, layout_basic, shapermc_ecumenical_altar_petra,
          serial_rivers, chequers_serial_rivers_micro_d,
          chequers_serial_rivers_small_b, chequers_serial_rivers_small_a,
          chequers_serial_rivers_micro_b, minmay_bisected
D:3:      layout_loops_corners, jmf_multi_god_temple
D:4:      layout_basic, ebering_ghost_rock_garden, serial_shops, shop,
          minmay_a_box_with_orc_wizards_in_it
D:5:      layout_basic, mainiacjoe_overflow_cross_hatched,
          gammafunk_ghost_mausoleum
D:6:      layout_basic, tgw_kikubaaqudgha, mainiacjoe_overflow_alcove_4,
          nicolae_overflow_squiral, minmay_temple_entry_butterflies, uniq_pikel,
          uniq_blork_the_orc, uniq_duvessa
D:7:      lemuel_slime, layout_loops_ring, serial_shops, shop
D:8:      due_megacathedral, layout_loops_ring, uniq_grum, uniq_jeremiah,
          uniq_joseph, uniq_erica
D:9:      layout_small_grid, hellmonk_lair_entry_icy, grunt_ministairs_15
D:10:     layout_loops_corners, columned_hall_lemuel, uniq_urug
D:11:     layout_rooms, minmay_rotating_lava
D:12:     layout_cross, orc_0_dummy, grunt_ministairs_15, uniq_kirke,
          uniq_jorgrun
D:13:     layout_grid_maze, grunt_vaults_entry_tiered, uniq_azrael
Lair:1:   layout_layer_cave
Lair:2:   layout_roguey, skrybe_swamp_entry_bodies, spider_nest_entry_funnel_web
Lair:3:   cheibrodos_lair_overgrown_chateau, layout_gridlike,
          chequers_serial_rivers_small_3, roderic_carrion_pond
Lair:4:   layout_regular_city, slime_entry_1, infiniplex_staircase_pool_2,
          lemuel_fruit_fields, lemuel_fruit_tree, serial_bayou_shore_a
Lair:5:   minmay_lair_end_frog_pond, layout_regular_city, uniq_sonja

Skill      XL: |  1  2  3  4  5  6  7  8  9 10 11 12 13 14 |
---------------+-------------------------------------------+-----
Fighting       | 1 2 3 4 5 6 9 |  9.6
Unarmed Combat | 4 5 6 7 8 10 11 12 14 | 14.1
Armour         | 1 2 3 4 5 6 |  6.1
Shapeshifting  | 4 5 6 7 8 10 | 10.4
Invocations    | 1 2 3 4 5 6 7 8 |  8.9
Spellcasting   | 1 |  1.5
Dodging        | 4 5 |  5.0
Throwing       | 3 4 |  4.6

Action                     |  1- 3 |  4- 6 |  7- 9 | 10-12 | 13-15 || total
---------------------------+-------+-------+-------+-------+-------++-------
  Melee: Unarmed           |    79 |    95 |   228 |   542 |   317 ||  1261
         Punch             |     2 |     4 |    13 |    32 |    25 ||    76
 Invoke: Upheaval          |       |       |       |     1 |     8 ||     9
         Disaster Area     |       |       |       |     1 |       ||     1
  Evoke: Lightning rod     |       |       |       |     4 |       ||     4
         Wand              |       |       |       |     2 |     4 ||     6
    Use: Scroll            |     3 |     2 |     7 |    11 |     6 ||    29
         Potion            |       |     1 |       |     2 |       ||     3
   Stab: Sleeping          |     1 |       |       |       |       ||     1
 Armour: Animal skin       |    34 |    54 |   144 |       |       ||   232
         Skin              |       |    24 |       |       |    81 ||   105
         Robe              |       |       |    13 |   497 |   201 ||   711
  Dodge: Dodged            |    18 |    27 |    75 |   232 |   126 ||   478
         Repelled          |       |       |       |     2 |     3 ||     5
  Block: Other             |       |       |    13 |   235 |   148 ||   396
         Reflection        |       |       |       |     1 |     3 ||     4
   Form: Blade             |       |       |       |       |     1 ||     1
         Flux              |       |       |       |       |     1 ||     1
